 Dungeon Crawl Stone Soup version 0.28-a0-1087-gf3fc490d9d (webtiles) character file.

Game seed: 10791623744831623239

1284 ytrimaz the Insei (level 8, -5/54 HPs)
             Began as an Octopode Transmuter on Dec 10, 2021.
             Killed from afar by an orc wizard (10 damage)
             ... with a magic dart
             ... on level 5 of the Dungeon.
             The game lasted 00:06:55 (6940 turns).

ytrimaz the Insei (Octopode Transmuter)             Turns: 6940, Time: 00:06:55

Health: -5/54      AC:  2    Str: 10    XL:     8   Next: 55%
Magic:  8/14       EV: 20    Int: 17    God:
Gold:   1004       SH:  0    Dex: 17    Spells: 5/15 levels left

rFire   . . .      SeeInvis .     - Unarmed
rCold   + . .      Faith    .   (shield currently unavailable)
rNeg    . . .      Spirit   .   (helmet currently unavailable)
rPois   x          Reflect  .   (no amulet)
rElec   .          Harm     .   b - ring of protection from cold
rCorr   +          Rampage  .   i - ring of resist corrosion
Will    .....                   (no ring)
Stlth   +.........              (no ring)
HPRegen 0.18/turn               (no ring)
MPRegen 0.14/turn               (no ring)
                                (no ring)
                                (no ring)

@: confused, spider-form (expiring), wereblooded (expiring), invisible
A: venomous fangs, almost no armour, (amphibious), 8 rings, tiny, (camouflage
1), (gelatinous body 1), (nimble swimmer 1), (tentacles)
a: End Transformation


You were on level 5 of the Dungeon.
You were a venomous arachnid creature.
You visited 2 branches of the dungeon, and saw 6 of its levels.
You also visited: Ossuary.

You collected 1004 gold pieces.

Inventory:

Missiles
 g - 3 throwing nets
Jewellery
 b - a ring of protection from cold (left front leg)
 i - a ring of resist corrosion (right front leg)
Scrolls
 e - a scroll of enchant armour
 f - a scroll of amnesia
 k - a scroll of teleportation
Potions
 a - 5 potions of mutation
 c - 2 potions of brilliance {unknown}
 d - 2 potions of lignification
 h - a potion of attraction
 j - 4 potions of heal wounds {unknown}
 l - a potion of resistance {unknown}
 n - a potion of invisibility
 o - 3 potions of might {unknown}
 p - a potion of cancellation {unknown}
 r - a potion of haste {unknown}


   Skills:
 * Level 4.0 Fighting
 + Level 3.0 Dodging
 + Level 7.0 Unarmed Combat
 + Level 4.2 Spellcasting
 + Level 4.2 Transmutations
 - Level 3.0 Poison Magic


You had 5 spell levels left.
You knew the following spells:

 Your Spells              Type           Power      Damage    Failure   Level
a - Beastly Appendage     Tmut           34%        N/A       10%         1
b - Wereblood             Tmut           17%        N/A       13%         2
c - Spider Form           Tmut/Pois      15%        N/A       26%         3
d - Ice Form              Ice/Tmut       10%        N/A       75%         4

Your spell library contained the following spells:

 Spells                   Type           Power      Damage    Failure   Level
 Animate Skeleton         Necr           6%         N/A       34%         1
 Apportation              Tloc           6%         N/A       34%         1
 Summon Small Mammal      Summ           12%        N/A       34%         1
 Call Canine Familiar     Summ           3%         N/A       65%         3
 Portal Projectile        Hex/Tloc       6%         N/A       65%         3
 Hailstorm                Conj/Ice       3%         3d3       94%         4
 Leda's Liquefaction      Hex/Erth       1%         N/A       94%         4
 Simulacrum               Ice/Necr       1%         N/A       100%        6


Dungeon Overview and Level Annotations

Branches:
Dungeon (5/15)             Temple (1/1) D:4         Ossuary (visited)

Altars:
Elyvilon
Fedhas
Gozag
Hepliaklqana
Makhleb
Nemelex Xobeh
Qazlal
Ru
Sif Muna
Trog
Uskayaw
Vehumet
Wu Jian
Xom
Yredelemnul
Zin

Shops:
D:4 (


Innate Abilities, Weirdness & Mutations

You are a venomous arachnid creature.
You have poisonous fangs.
You are tiny and dextrous.
Your spellcasting is less reliable in this form.
Your armour is entirely melded.
You are incapable of wielding weapons or throwing items.
You cannot wear most types of armour.
((You are amphibious.))
You can wear up to eight rings at the same time.
((Your skin changes colour to match your surroundings (Stealth+).))
((Your rubbery body absorbs attacks. (AC +1, EV +1)))
((You are camouflaged near water. (Stealth+)))
((You have tentacles for arms and can constrict up to eight enemies at once.))


Message History

You feel better.
You hear some strange, mumbled words.
A puff of flame appears from out of thin air!
The puff of flame hits you!
* * * LOW HITPOINT WARNING * * *
The gnoll misses you. The gnoll sergeant closely misses you.
Unknown command.
Unknown command.
Your transformation is almost over.
You hear some strange, mumbled words.
You are confused.
Something hits you.
* * * LOW HITPOINT WARNING * * *
The gnoll closely misses you.
The gnoll sergeant hits you from afar with a +0 spear of venom!
* * * LOW HITPOINT WARNING * * *
Your magical contamination has completely faded away.
You hit the gnoll.
The gnoll is poisoned.
The gnoll is moderately wounded.
Something completely misses you.
Unknown command.
The gnoll closely misses you.
Unknown command.
Unknown command.
Okay, then.
You are too confused!
You are too confused!
You are too confused!
You fade into invisibility!
The gnoll misses you. Something hits you but does no damage.
Unknown command.
Unknown command.
Unknown command.
Unknown command.
Unknown command.
Your primal bloodlust is almost over.
You hear some strange, mumbled words.
A magic dart appears from out of thin air!
The magic dart hits you!
You die...

...........#....#........#
...........#....#........#
...........'....#........#
...........######........######
##############..###+###.......#
#....#.....#...#.......#
#....#.....'<..#.......#
#..oo#gg{..#...#(......#
#...gg.g.s.#...'.......#
##.o#########+##.......# #..#
..........###### o...+
..........# ..og..# ..........#
...og...# ..........# ........#
..........# ........#
..........# ........#
..........#


You could see a gnoll sergeant, an orc priest, 4 gnolls and 2 orcs.

Vanquished Creatures
  Grinder (D:4)
  Sigmund (D:2)
  An ogre (D:4)
  2 phantoms
  A gnoll sergeant (D:5)
  A scorpion (D:5)
  A jelly (D:5)
  A centaur zombie (Ossuary)
  4 hounds
  A human zombie (Ossuary)
  A bullfrog skeleton (D:5)
  An orc wizard (D:5)
  An iguana (D:5)
  5 mummies (Ossuary)
  5 adders
  7 gnolls
  An adder skeleton (D:4)
  2 worms (D:2)
  3 dart slugs
  4 orcs
  4 endoplasms
  4 giant cockroaches
  A gnoll zombie (Ossuary)
  4 goblins
  5 hobgoblins
  8 jackals
  2 quokkas
  9 ball pythons
  9 bats
  A frilled lizard (D:2)
  A goblin zombie (Ossuary)
  2 hobgoblin zombies (Ossuary)
  12 kobolds
  2 kobold zombies (Ossuary)
  8 rats
116 creatures vanquished.

Notes
Turn   | Place    | Note
-------+----------+-------------------------------------------
     0 | D:1      | ytrimaz the Octopode Transmuter began the quest for the
                  | Orb.
     0 | D:1      | Reached XP level 1. HP: 13/13 MP: 3/3
   152 | D:1      | Reached XP level 2. HP: 13/18 MP: 3/5
   681 | D:1      | Learned a level 2 spell: Wereblood
   821 | D:1      | Reached XP level 3. HP: 21/23 MP: 6/6
   825 | D:1      | Learned a level 3 spell: Spider Form
  1443 | D:2      | Noticed Sigmund
  1627 | D:2      | Found a shimmering blue altar of Sif Muna.
  1705 | D:2      | Reached XP level 4. HP: 28/28 MP: 7/7
  2164 | D:2      | Killed Sigmund
  2165 | D:2      | Reached skill level 4 in Unarmed Combat
  2165 | D:2      | Reached XP level 5. HP: 31/34 MP: 1/9
  2336 | D:2      | Learned a level 4 spell: Ice Form
  2444 | D:3      | Reached XP level 6. HP: 29/39 MP: 10/10
  3248 | D:3      | Reached skill level 1 in Poison Magic
  3392 | D:3      | Found a faded altar of an unknown god.
  3657 | D:4      | Found a staircase to the Ecumenical Temple.
  3731 | D:4      | Reached skill level 5 in Unarmed Combat
  3791 | D:4      | Found a sand-covered staircase.
  3854 | Ossuary  | Entered an ossuary
  4183 | Ossuary  | Reached XP level 7. HP: 45/45 MP: 7/12
  4791 | Ossuary  | Identified a scroll of acquirement
  4791 | Ossuary  | Acquired 879 gold pieces
  4992 | Temple   | Entered the Ecumenical Temple
  5456 | D:4      | Found Zuokha's Antique Weapon Shop.
  5507 | D:4      | Noticed Grinder
  5527 | D:4      | Paralysed by Grinder for 7 turns
  5533 | D:4      | HP: 1/55 [Grinder/nerve-wracking pain (10)]
  5542 | D:4      | Killed Grinder
  5543 | D:4      | Reached skill level 6 in Unarmed Combat
  5543 | D:4      | Reached XP level 8. HP: 9/52 MP: 11/13
  5860 | D:5      | Entered Level 5 of the Dungeon
  6649 | D:5      | Reached skill level 7 in Unarmed Combat
  6940 | D:5      | Killed from afar by an orc wizard

Illustrated notes

Levels and vault maps discovered:
D:1:      scummos_arrival_forest, layout_loops_ring
D:2:      layout_rooms, basic_altar, minmay_misc_feat_diagonals,
          minmay_crystal_room, uniq_sigmund
D:3:      layout_rooms, dilly_ecumenical_altar_fadedgnrine, hex_tiny,
          dk_noncrumbling_3, minmay_goblin_kobold_house
D:4:      layout_rooms, minmay_temple_entry_large_hall, serial_shops,
          kennysheep_mini_moat, nicolae_ossuary_entry_monument,
          grunt_decor_fettered, uniq_grinder
D:5:      layout_gridville, kennysheep_small_square
Temple:   regret_index_temple_sphere_string

Skill      XL: |  1  2  3  4  5  6  7  8 |
---------------+-------------------------+-----
Fighting       | 2 3 4 |  4.0
Unarmed Combat | 4 5 6 7 |  7.0
Spellcasting   | 3 4 |  4.2
Transmutations | 3 4 |  4.2
Poison Magic   | 1 3 |  3.0
Dodging        | 3 |  3.0

Action                   |  1- 3 |  4- 6 |  7- 9 || total
-------------------------+-------+-------+-------++-------
Melee: Unarmed           |    77 |    80 |   138 ||   295
       Constrict         |    22 |    15 |    19 ||    56
       Kick              |     6 |     7 |     2 ||    15
       Tentacles         |    10 |    12 |    21 ||    43
       Punch             |     1 |       |     2 ||     3
 Cast: Beastly Appendage |    16 |     5 |     5 ||    26
       Spider Form       |       |     2 |     6 ||     8
       Ice Form          |       |     1 |     2 ||     3
       Wereblood         |       |       |     7 ||     7
  Use: Scroll            |     1 |     7 |     3 ||    11
       Potion            |     1 |     3 |     3 ||     7
 Stab: Sleeping          |    12 |     4 |       ||    16
       Invisible         |       |     3 |       ||     3
       Distracted        |       |       |     1 ||     1
Armor: Skin              |     4 |    19 |    14 ||    37
Dodge: Dodged            |    65 |    52 |    86 ||   203

Table legend: (Time is in decaauts)
 A = Elapsed time spent in this place.
 B = Non-inter-level travel time spent in this place.
 C = Inter-level travel time spent in this place.
 D = Time resting spent in this place.
 E = Time spent auto-exploring this place.
 F = Levels seen in this place.
 G = Mean time per level.
                   A        B        C        D        E       F      G
               +--------+--------+--------+--------+--------+-----+--------+
         Total |   6914 |   6810 |    104 |   2049 |   3698 |   7 |  987.7 |
       Dungeon |   5521 |   5417 |    104 |   1323 |   3251 |   5 | 1104.2 |
        Temple |    339 |    339 |      0 |      0 |    308 |   1 |  339.0 |
       Ossuary |   1053 |   1053 |      0 |    726 |    139 |   1 | 1053.0 |
               +--------+--------+--------+--------+--------+-----+--------+

Top non-repeatable levels by time:
     D:1: 1803 daAuts
     D:3: 1216 daAuts
     D:5: 1072 daAuts
 Ossuary: 1053 daAuts
     D:4: 812 daAuts
     D:2: 616 daAuts
  Temple: 339 daAuts
